 Dungeon Crawl Stone Soup version 0.29-a0-565-g7a16c6de65 (webtiles) character file.

Game seed: 4713504445413319748

63 Lekart the Slasher (level 3, -9/33 HPs)
             Began as a Draconian Chaos Knight on June 12, 2022.
             Was a Plaything of Xom.
             Mangled by an ogre
             ... wielding a +0 giant club
              (27 damage)
             ... on level 5 of the Dungeon.
             The game lasted 00:03:03 (2621 turns).

Lekart the Slasher (Draconian Chaos Knight)         Turns: 2621, Time: 00:03:03

Health: -9/33      AC:  5    Str: 14    XL:     3   Next: 87%
Magic:  3/3        EV: 13    Int: 12    God:    Xom [....*.]
Gold:   184        SH:  0    Dex: 18    Spells: 2/2 levels left

rFire   . . .      SeeInvis .   e - +2 trident (elec)
rCold   . . .      Faith    .   (no shield)
rNeg    . . .      Spirit   .   (body armour unavailable)
rPois   .          Reflect  .   (helmet restricted)
rElec   .          Harm     .   (no cloak)
rCorr   .          Rampage  .   (no gloves)
Will    .....                   (no boots)
Stlth   ++........              (no amulet)
HPRegen 0.11/turn               f - +6 ring of dexterity
MPRegen 0.08/turn               (no ring)

@: no status effects
A: AC +5, unfitting armour, cold-blooded, MP-powered wands
a: Renounce Religion


You were on level 5 of the Dungeon.
You worshipped Xom.
You were a beloved toy of Xom.
You visited 1 branch of the dungeon, and saw 5 of its levels.

You collected 184 gold pieces.

Inventory:

Hand Weapons
 a - a +0 falchion of chaos
 e - a +2 trident of electrocution (weapon)
Missiles
 o - a throwing net
Jewellery
 d - a ring of poison resistance
 f - a +6 ring of dexterity (left hand)
 g - a ring of positive energy
Potions
 h - a potion of curing
 i - a potion of attraction {unknown}
 j - a potion of haste {unknown}
 l - a potion of berserk rage {unknown}
Miscellaneous
 b - a piece from Xom's chessboard (13/15) (quivered)


   Skills:
 + Level 3.9 Fighting
 + Level 4.0 Long Blades
 + Level 0.3 Polearms
 + Level 2.5 Dodging


You had 2 spell levels left.
You didn't know any spells.
Your spell library contained the following spells:

 Spells                   Type           Power      Damage    Failure   Level
 Apportation              Tloc           0%         N/A       32%         1
 Necrotize                Necr           0%         1d4       32%         1
 Summon Small Mammal      Summ           0%         N/A       32%         1


Dungeon Overview and Level Annotations

Branches:
Dungeon (5/15)
 Temple: D:4-7

Altars:

Shops:
D:2 *


Innate Abilities, Weirdness & Mutations

Your plain brown scales are hard. (AC +5)
You cannot fit into any form of body armour.
You are cold-blooded and may be slowed by cold attacks.
You expend magic power (3 MP) to strengthen your wands.


Message History

You closely miss the goblin. The goblin hits you but does no damage.
You completely miss the goblin.
Your tail-slap misses the goblin.
The goblin misses you.
You closely miss the goblin. The goblin hits you but does no damage.
The goblin closely misses you.
You miss the goblin. You tail-slap the goblin.
You kill the goblin!
Things that are here:
a +0 dagger; a goblin corpse You start resting.
You are now a special plaything of Xom.
You start resting.
HP restored.
There is a stone staircase leading down here.
You climb downwards.
There is a stone staircase leading up here.
There is a stone staircase leading down here.
You climb downwards.
The ogre shouts! "Forecast: mostly cloudy."
Found a short sword, a trident, a robe and a battleaxe.
There is a stone staircase leading up here.
You don't have any such object.
Evoke which item? (* to show all) (? for menu, Esc to quit)
Okay, then.
You make a move on Xom's chessboard...
The ogre is outlined in light.
You make a move on Xom's chessboard...
The ogre resists with some effort. "This might be better!"
The ogre seems to speed up.
You are now a beloved toy of Xom.
You hit the ogre.
You tail-slap the ogre, but do no damage.
The ogre is moderately wounded.
The ogre misses you. The ogre hits you with a +0 giant club!
You puncture the ogre! Lightning courses through the ogre!
You tail-slap the ogre.
The ogre is almost dead.
The ogre hits you with a +0 giant club!!
Ouch! That really hurt!
You die...

#......) .
#......#
..#####....[.#
#............
#...........
#....§....#
#.....§§§§##
#.....§@O..#
.....§§§§..#
....######)#
... .. # ..)
.. .


You could see an ogre (fast, corona).

Vanquished Creatures
  An adder (D:4)
  3 dart slugs
  An orc (D:3)
  4 ball pythons
  5 endoplasms
  A giant cockroach (D:1)
  9 goblins
  7 hobgoblins
  2 quokkas
  2 bats (D:1)
  2 frilled lizards
  2 kobolds
  3 rats
42 creatures vanquished.

Notes
Turn   | Place    | Note
-------+----------+-------------------------------------------
     0 | D:1      | Lekart the Draconian Chaos Knight began the quest for the
                  | Orb.
     0 | D:1      | Reached XP level 1. HP: 19/19 MP: 1/1
   151 | D:1      | Reached XP level 2. HP: 18/26 MP: 2/2
   623 | D:1      | XOM: silly message
   905 | D:2      | Found a faded altar of an unknown god.
  1141 | D:2      | XOM: give mutation
  1141 | D:2      | Gained mutation: You expend magic power (3 MP) to
                  | strengthen your wands. [Xom's mischief]
  1507 | D:2      | Reached XP level 3. HP: 33/33 MP: 3/3
  1523 | D:2      | Found Fouqe's General Store.
  1811 | D:3      | XOM: noise
  2005 | D:3      | XOM: noise
  2425 | D:4      | XOM: enchant monster (bad)
  2429 | D:4      | Reached skill level 4 in Long Blades
  2617 | D:5      | Entered Level 5 of the Dungeon
  2617 | D:5      | Noticed an ogre
  2617 | D:5      | XOM: fog
  2619 | D:5      | XOM: enchant monster (bad)
  2621 | D:5      | Mangled by an ogre

Illustrated notes

Levels and vault maps discovered:
D:1:      dpeg_arrival_more_subterranean_lakeside_camping, layout_loops_ring
D:2:      layout_basic, serial_shops, shop, ebering_ecumenical_altar_box
D:3:      layout_basic
D:4:      layout_rooms, minitemple, general_overflow_altar
D:5:      layout_basic, uniq_eustachio

Skill      XL: |  1  2  3 |
---------------+----------+-----
Long Blades    | 4 |  4.0
Fighting       | |  3.9
Polearms       | |  0.3
Dodging        | |  2.5

Action                   || total
-------------------------++-------
Melee: Falchion          ||    62
       Tailslap          ||    11
       Trident           ||    36
Evoke: Piece from Xom's  ||     2
  Use: Scroll            ||     8
       Potion            ||     2
 Stab: Confused          ||     1
       Sleeping          ||     5
Armor: Skin              ||    28
Dodge: Dodged            ||    57

Table legend: (Time is in decaauts)
 A = Elapsed time spent in this place.
 B = Non-inter-level travel time spent in this place.
 C = Inter-level travel time spent in this place.
 D = Time resting spent in this place.
 E = Time spent auto-exploring this place.
 F = Levels seen in this place.
 G = Mean time per level.
                   A        B        C        D        E       F      G
               +--------+--------+--------+--------+--------+-----+--------+
         Total |   2639 |   2559 |     80 |    178 |   2021 |   5 |  527.8 |
       Dungeon |   2639 |   2559 |     80 |    178 |   2021 |   5 |  527.8 |
               +--------+--------+--------+--------+--------+-----+--------+

Top non-repeatable levels by time:
     D:3: 891 daAuts
     D:1: 828 daAuts
     D:2: 768 daAuts
     D:4: 146 daAuts
     D:5: 4 daAuts
